 Dungeon Crawl Stone Soup version 0.30.1-9-gdf580d7c3d (webtiles) character file.

Game seed: 6615264759275975523

25 lonewolfV2 the Trooper (level 2, -1/36 HPs)
             Began as a Demonspawn Berserker on Oct 23, 2023.
             Was a Follower of Trog.
             Slain by Robin
             ... wielding a +0 trident
              (5 damage)
             ... on level 2 of the Dungeon.
             The game lasted 00:01:44 (976 turns).

lonewolfV2 the Trooper (Demonspawn Berserker)        Turns: 976, Time: 00:01:45

Health: -1/36      AC:  2    Str: 17    XL:     2   Next: 86%
Magic:  2/2        EV: 12    Int:  8    God:    Trog [*.....]
Gold:   23         SH:  0    Dex: 12    Spells: 1/1 levels left

rFire   . . .        a - +0 hand axe (vamp)
rCold   . . .        (no shield)
rNeg    . . .        b - +0 animal skin
rPois   .            (no helmet)
rElec   .            (no cloak)
rCorr   .            (no gloves)
SInv    .            (no boots)
Will    .....        (no amulet) Stlth
                     (no ring)
HPRegen 0.26/turn    (no ring)
MPRegen 0.08/turn

%: no passive effects
@: berserking, very quick
A: demonic guardian 1
a: Renounce Religion, Berserk


You were on level 2 of the Dungeon.
You worshipped Trog.
Trog was aware of your devotion.
You visited 1 branch of the dungeon, and saw 2 of its levels.

You collected 23 gold pieces.

Inventory:

Hand Weapons
 a - a +0 vampiric hand axe (weapon)
Armour
 b - a +0 animal skin (worn)


   Skills:
 + Level 3.6 Fighting
 + Level 3.2 Axes
 - Level 1.7 Armour
 - Level 1.7 Dodging


You had one spell level left.
You didn't know any spells.
Your spell library was empty.

Dungeon Overview and Level Annotations

Branches:
Dungeon (2/15)

Altars:

Shops:
D:1 [

Annotations:
D:2 Robin


Innate Abilities, Weirdness & Mutations

A weak demonic guardian rushes to your aid.


Message History

You closely miss the goblin. The goblin hits you with a +0 club. x2
Unknown command.
You closely miss the goblin.
The goblin is severely wounded.
You barely miss the goblin. The goblin hits you with a +0 club.
* * * LOW HITPOINT WARNING * * *
A demonic guardian appears!
The goblin hits you with a +0 club.
* * * LOW HITPOINT WARNING * * *
A red film seems to cover your vision as you go berserk!
You feel yourself moving faster!
You feel mighty! The goblin barely misses you. The goblin closely misses you.
Robin roars a battlecry!
You hear a shout!
You barely miss the goblin.
The goblin is severely wounded.
You closely miss the goblin. The goblin misses you.
The goblin barely misses you.
Your iron imp hits the goblin.
The goblin dies!
Trog accepts your kill.
You barely miss the goblin.
The goblin is severely wounded.
The goblin hits you with a +0 club.
* * * LOW HITPOINT WARNING * * *
You slash the goblin!
You feel better.
You kill the goblin!
Trog accepts your kill. The goblin misses you. Robin throws the goblin at you!
Your iron imp misses the goblin.
Things that are here:
a +0 club; a +0 club You barely miss the goblin.
You closely miss the goblin. The goblin barely misses you. x2
You slash the goblin!
You kill the goblin!
Trog accepts your kill.
You barely miss the goblin.
The hobgoblin no longer looks unusually strong.
Your iron imp barely misses the goblin.
Robin hits you from afar with a +0 trident.
You die...

#.# ... #.# #.#
#.# #.#
###g######.#####.#
...ggg)@g5......$#
...g######.####..#
# ###>####
#......# #......#
#......# #......#
#......# #......#


You could see Robin, 2 hobgoblins, 3 goblins and a friendly iron imp (summoned).

Vanquished Creatures
  A dart slug (D:2)
  A ball python (D:1)
  2 endoplasms
  3 giant cockroaches (D:1)
  4 goblins
  A hobgoblin (D:2)
  A quokka (D:1)
  4 bats (D:1)
  2 kobolds (D:1)
  2 rats (D:1)
21 creatures vanquished.

Vanquished Creatures (collateral kills)
  A goblin (D:2)
1 creature vanquished.

Grand Total: 22 creatures vanquished

Notes
Turn   | Place    | Note
-------+----------+-------------------------------------------
     0 | D:1      | lonewolfV2 the Demonspawn Berserker began the quest for the
                  | Orb.
     0 | D:1      | Reached XP level 1. HP: 18/18 MP: 1/1
   247 | D:1      | Gained mutation: A weak demonic guardian rushes to your
                  | aid. [demonic ancestry]
   247 | D:1      | Reached XP level 2. HP: 18/24 MP: 2/2
   703 | D:1      | Found Ilyxelisui's Armour Shop.
   963 | D:2      | Noticed Robin
   976 | D:2      | Slain by Robin

Illustrated notes

Levels and vault maps discovered:
D:1:      wander_arrival_fairy_ring, layout_loops_ring, serial_shops,
          nicolae_shop_tiny_waterfront, minmay_misc_feat_plants
D:2:      layout_basic, ebering_ecumenical_altar_hall, uniq_robin

Skill      XL: |  1 |
---------------+----+-----
Axes           | 3 |  3.2
Fighting       | |  3.6
Armour         | |  1.7
Dodging        | |  1.7

Action                     || total
---------------------------++-------
  Melee: Hand axe          ||    67
 Invoke: Berserk           ||     1
    Use: Scroll            ||     2
   Stab: Sleeping          ||     2
 Armour: Animal skin       ||     9
  Dodge: Dodged            ||    62
